SL
FT. WORTH CATTLEMEN @ PITTSBURGH KINGFISHERS
06/18/2050
 
TOP OF THE 1ST
Ft. Worth Cattlemen batting - Pitching for Pittsburgh Kingfishers : LHP Wes Johnston
Pitching: LHP Wes Johnston
Batting: RHB Dídac Nores 0-0: Ball
1-0: Foul Ball, location: 2F
1-1: Foul Ball, location: 2F
1-2: Hit by Pitch
Batting: LHB John Manley 0-0: Called Strike
0-1: Swinging Strike
0-2: Ball
1-2: Strikes out swinging
Batting: RHB Todd Walker 0-0: Called Strike
0-1: Ball
Dídac Nores is caught stealing 2nd base 2-4
1-1: Ball
2-1: Foul Ball, location: 2F
2-2: Ball
3-2: DOUBLE (Line Drive, 7LS, EV 99.4 MPH)
Batting: RHB Patrick Goodhardt 0-0: Called Strike
0-1: Swinging Strike
0-2: Ball
1-2: Ball
2-2: Fly out, F7 (Line Drive, 7, EV 84.4 MPH)
Top of the 1st over - 0 runs, 1 hit, 0 errors, 1 left on base; Ft. Worth 0 - Pittsburgh 0
BOTTOM OF THE 1ST
Pittsburgh Kingfishers batting - Pitching for Ft. Worth Cattlemen : RHP Currito Fonseca
Pitching: RHP Currito Fonseca
Batting: RHB Shuan-yan Bu 0-0: Ball
1-0: Called Strike
1-1: Swinging Strike
1-2: Ball
2-2: Ball
3-2: Foul Ball, location: 2F
3-2: Foul Ball, location: 2F
3-2: SINGLE (Groundball, 56D, EV 104.4 MPH)
Batting: LHB Kyung-chul Son 0-0: Ball
1-0: Foul Ball, location: 2F
1-1: Ball
2-1: SINGLE (Line Drive, 78S, EV 98.1 MPH)
Shuan-yan Bu to second
Batting: RHB Ignacio Páez 0-0: Grounds into double play, 5-4-3 (Groundball, 56, EV 101.9 MPH)
Shuan-yan Bu to third
Batting: LHB Martín Flores 0-0: Called Strike
0-1: Foul Ball, location: 2F
0-2: Reached on error, E4 (Groundball, 4, EV 86.2 MPH)
Shuan-yan Bu scores
Batting: LHB Gustavo Gonzáles 0-0: Ball
1-0: Ball
2-0: Ball
3-0: Called Strike
3-1: Ground out 6-3 (Groundball, 6, EV 80.6 MPH)
Bottom of the 1st over - 1 run, 2 hits, 1 error, 1 left on base; Ft. Worth 0 - Pittsburgh 1
TOP OF THE 2ND
Ft. Worth Cattlemen batting - Pitching for Pittsburgh Kingfishers : LHP Wes Johnston
Batting: RHB Leland Sigurdson 0-0: Ball
1-0: Ground out 6-3 (Groundball, 6M, EV 108.8 MPH)
Batting: LHB Pielgrzym Myslajek 0-0: Ball
1-0: Ball
2-0: Foul Ball, location: 2F
2-1: SOLO HOME RUN (Flyball, 9D, EV 103.8 MPH), Distance : 399 ft
Batting: RHB Soshal Distan Singh 0-0: Ball
1-0: Ball
2-0: Ball
3-0: Called Strike
3-1: Base on Balls
Batting: RHB Tsuneari Hirano 0-0: Called Strike
0-1: Foul Ball, location: 2F
0-2: Fly out, F9 (Flyball, 89M, EV 86.2 MPH)
Batting: RHB Curtis Tiger 0-0: Foul Ball, location: 2F
0-1: Fielders Choice at 2nd, 6-4 (Groundball, 6, EV 87.5 MPH)
Top of the 2nd over - 1 run, 1 hit, 0 errors, 1 left on base; Ft. Worth 1 - Pittsburgh 1
BOTTOM OF THE 2ND
Pittsburgh Kingfishers batting - Pitching for Ft. Worth Cattlemen : RHP Currito Fonseca
Batting: RHB Luis Pamparacuatro 0-0: Ball
1-0: Foul Ball, location: 2F
1-1: SINGLE (Groundball, 6M, EV 100.0 MPH) (infield hit)
Batting: LHB Wing-kit Ou-yang 0-0: Ball
1-0: Called Strike
1-1: SINGLE (Groundball, 25, EV 69.4 MPH) (infield hit)
Luis Pamparacuatro to second
Pinch Runner at 1st Jesús Cortéz:
Batting: LHB Todd Hunter 0-0: Ball
1-0: Foul Ball, location: 2F
1-1: Fly out, F7 (Flyball, 78S, EV 92.5 MPH)
Batting: RHB Bastien Oudin 0-0: Called Strike
0-1: Ball
1-1: Foul Ball, location: 2F
1-2: Ball
2-2: SINGLE (Groundball, 56S, EV 67.5 MPH) (infield hit)
Luis Pamparacuatro to third
Jesús Cortéz to second
Batting: RHB Shuan-yan Bu 0-0: Ball
1-0: Foul Ball, location: 2F
1-1: Called Strike
1-2: Fly out, F8 (Flyball, 8RXD, EV 96.2 MPH)
Runner from 3rd tags up, SCORES, no throw by CF
Jesús Cortéz to third
Batting: LHB Kyung-chul Son 0-0: Swinging Strike
0-1: Ball
1-1: Called Strike
1-2: Ball
2-2: Ball
3-2: Foul Ball, location: 2F
3-2: Base on Balls
Bastien Oudin to second
Batting: RHB Ignacio Páez 0-0: Ball
1-0: Foul Ball, location: 2F
1-1: Fielders Choice at 2nd, 5-4 (Groundball, 56, EV 90.0 MPH)
Bottom of the 2nd over - 1 run, 3 hits, 0 errors, 3 left on base; Ft. Worth 1 - Pittsburgh 2
TOP OF THE 3RD
Ft. Worth Cattlemen batting - Pitching for Pittsburgh Kingfishers : LHP Wes Johnston
Now in CF: Alohinani Puanani
Batting: RHB Dídac Nores 0-0: Called Strike
0-1: Ball
1-1: Ball
2-1: DOUBLE (Line Drive, 78D, EV 100.0 MPH)
Batting: LHB John Manley 0-0: Ball
1-0: Ball
2-0: Called Strike
2-1: SINGLE (Line Drive, 56D, EV 98.8 MPH)
Dídac Nores to third
Batting: RHB Todd Walker 0-0: Ball
1-0: Ball
2-0: Foul Ball, location: 2F
2-1: Swinging Strike
2-2: Foul Ball, location: 2F
2-2: Foul Ball, location: 2F
2-2: Ball
3-2: Foul Ball, location: 2F
3-2: DOUBLE (Flyball, 89D, EV 100.0 MPH)
Dídac Nores scores
John Manley to third
Batting: RHB Patrick Goodhardt 0-0: Called Strike
0-1: Swinging Strike
0-2: Fly out, F9 (Flyball, 9, EV 87.5 MPH)
Runner from 3rd tags up, SCORES, throw by RF
Todd Walker to third
Batting: RHB Leland Sigurdson 0-0: Called Strike
0-1: 2-RUN HOME RUN (Flyball, 78XD, EV 116.9 MPH), Distance : 452 ft
Pitching: RHP António Haritos
Batting: LHB Pielgrzym Myslajek 0-0: Called Strike
0-1: Ground out 3-1 (Groundball, 34, EV 95.0 MPH)
Batting: RHB Soshal Distan Singh 0-0: Foul Ball, location: 2F
0-1: Foul Ball, location: 2F
0-2: Ball
1-2: Strikes out swinging
Top of the 3rd over - 4 runs, 4 hits, 0 errors, 0 left on base; Ft. Worth 5 - Pittsburgh 2
BOTTOM OF THE 3RD
Pittsburgh Kingfishers batting - Pitching for Ft. Worth Cattlemen : RHP Currito Fonseca
Batting: LHB Martín Flores 0-0: Ball
1-0: Called Strike
1-1: Foul Ball, location: 2F
1-2: Foul Ball, location: 2F
1-2: Ball
2-2: Ball
3-2: SOLO HOME RUN (Flyball, 89XD, EV 112.5 MPH), Distance : 460 ft
Batting: LHB Gustavo Gonzáles 0-0: Ball
1-0: Foul Ball, location: 2F
1-1: Foul Ball, location: 2F
1-2: Foul Ball, location: 2F
1-2: SINGLE (Line Drive, 78S, EV 106.2 MPH)
Batting: RHB Luis Pamparacuatro 0-0: Ball
1-0: Ball
2-0: Called Strike
Gustavo Gonzáles steals 2nd, throwing error, E2
Gustavo Gonzáles to third
2-1: Foul Ball, location: 2F
2-2: Ground out 6-3 (Groundball, 6, EV 86.9 MPH)
Gustavo Gonzáles scores
Batting: RHB Alohinani Puanani 0-0: Foul Ball, location: 2F
0-1: Called Strike
0-2: Ball
1-2: Strikes out swinging
Batting: LHB Todd Hunter 0-0: Ball
1-0: Ball
2-0: Ground out 6-3 (Groundball, 6MS, EV 68.8 MPH)
Bottom of the 3rd over - 2 runs, 2 hits, 1 error, 0 left on base; Ft. Worth 5 - Pittsburgh 4
TOP OF THE 4TH
Ft. Worth Cattlemen batting - Pitching for Pittsburgh Kingfishers : RHP António Haritos
Batting: RHB Tsuneari Hirano 0-0: Ball
1-0: Ball
2-0: Ground out 5-3 (Groundball, 5S, EV 71.9 MPH)
Batting: RHB Curtis Tiger 0-0: Ball
1-0: Called Strike
1-1: Swinging Strike
1-2: Ball
2-2: Strikes out swinging
Batting: RHB Dídac Nores 0-0: Fly out, F7 (Flyball, 7S, EV 89.4 MPH)
Top of the 4th over - 0 runs, 0 hits, 0 errors, 0 left on base; Ft. Worth 5 - Pittsburgh 4
BOTTOM OF THE 4TH
Pittsburgh Kingfishers batting - Pitching for Ft. Worth Cattlemen : RHP Currito Fonseca
Batting: RHB Bastien Oudin 0-0: SINGLE (Groundball, 56D, EV 101.9 MPH)
Batting: RHB Shuan-yan Bu 0-0: Foul Ball, location: 2F
0-1: Swinging Strike
0-2: Strikes out swinging
Batting: LHB Kyung-chul Son 0-0: Foul Ball, location: 2F
0-1: Fly out, F9 (Line Drive, 89M, EV 86.2 MPH)
Batting: RHB Ignacio Páez 0-0: Foul Ball, location: 2F
0-1: Ball
1-1: Foul Ball, location: 2F
1-2: SINGLE (Groundball, 6D, EV 102.5 MPH)
Bastien Oudin to second
Pitching: RHP Miguel Moreno
Batting: LHB Martín Flores 0-0: Ball
1-0: 3-RUN HOME RUN (Flyball, 78XD, EV 112.5 MPH), Distance : 439 ft
Batting: LHB Gustavo Gonzáles 0-0: Called Strike
0-1: Ball
1-1: Ball
2-1: Foul Ball, location: 2F
2-2: Fly out, F7 (Flyball, 7S, EV 90.0 MPH)
Bottom of the 4th over - 3 runs, 3 hits, 0 errors, 0 left on base; Ft. Worth 5 - Pittsburgh 7
TOP OF THE 5TH
Ft. Worth Cattlemen batting - Pitching for Pittsburgh Kingfishers : RHP António Haritos
Batting: LHB John Manley 0-0: Ball
1-0: Foul Ball, location: 2F
1-1: Ground out U3 (Groundball, 3S, EV 85.0 MPH)
Batting: RHB Todd Walker 0-0: Ball
1-0: Ball
2-0: Swinging Strike
2-1: Foul Ball, location: 2F
2-2: Strikes out swinging
Batting: RHB Patrick Goodhardt 0-0: Ball
1-0: Foul Ball, location: 2F
1-1: Foul Ball, location: 2F
1-2: Foul Ball, location: 2F
1-2: Foul Ball, location: 2F
1-2: Fly out, F8 (Flyball, 8LM, EV 79.4 MPH)
Top of the 5th over - 0 runs, 0 hits, 0 errors, 0 left on base; Ft. Worth 5 - Pittsburgh 7
BOTTOM OF THE 5TH
Pittsburgh Kingfishers batting - Pitching for Ft. Worth Cattlemen : RHP Miguel Moreno
Batting: RHB Luis Pamparacuatro 0-0: SINGLE (Line Drive, 7LS, EV 93.1 MPH)
Batting: RHB Alohinani Puanani 0-0: Called Strike
Luis Pamparacuatro steals 2nd base
0-1: Ball
1-1: Ground out 1-3 (Groundball, P, EV 68.8 MPH)
Luis Pamparacuatro to third
Batting: LHB Todd Hunter 0-0: Ball
1-0: Swinging Strike
1-1: Ball
2-1: Foul Ball, location: 2F
2-2: Strikes out swinging, 2-3 out at first.
Batting: RHB Bastien Oudin 0-0: Ball
1-0: Fly out, F2 (Popup, 25F, EV 83.1 MPH)
Bottom of the 5th over - 0 runs, 1 hit, 0 errors, 1 left on base; Ft. Worth 5 - Pittsburgh 7
TOP OF THE 6TH
Ft. Worth Cattlemen batting - Pitching for Pittsburgh Kingfishers : RHP António Haritos
Batting: RHB Leland Sigurdson 0-0: Fly out, F9 (Flyball, 89S, EV 71.9 MPH)
Batting: LHB Pielgrzym Myslajek 0-0: Ball
1-0: Foul Ball, location: 2F
1-1: Ground out 4-3 (Groundball, 34, EV 91.9 MPH)
Pitching: RHP Carl McCoy
Batting: RHB Soshal Distan Singh 0-0: Foul Ball, location: 2F
0-1: Swinging Strike
0-2: Ground out 4-3 (Groundball, P, EV 86.9 MPH)
Top of the 6th over - 0 runs, 0 hits, 0 errors, 0 left on base; Ft. Worth 5 - Pittsburgh 7
BOTTOM OF THE 6TH
Pittsburgh Kingfishers batting - Pitching for Ft. Worth Cattlemen : RHP Miguel Moreno
Batting: RHB Shuan-yan Bu 0-0: Ball
1-0: Ground out 5-3 (Groundball, 56S, EV 65.6 MPH)
Batting: LHB Kyung-chul Son 0-0: Ball
1-0: Called Strike
1-1: Foul Ball, location: 2F
1-2: Strikes out swinging
Batting: RHB Ignacio Páez 0-0: Foul Ball, location: 2F
0-1: Ball
1-1: Foul Ball, location: 2F
1-2: Ground out 6-3 (Groundball, 6, EV 86.9 MPH)
Bottom of the 6th over - 0 runs, 0 hits, 0 errors, 0 left on base; Ft. Worth 5 - Pittsburgh 7
TOP OF THE 7TH
Ft. Worth Cattlemen batting - Pitching for Pittsburgh Kingfishers : RHP Carl McCoy
Pitching: RHP Cipriano Rosas
Batting: RHB Tsuneari Hirano 0-0: Ball
1-0: Swinging Strike
1-1: Called Strike
1-2: Ball
2-2: Ball
3-2: Strikes out swinging
Batting: RHB Curtis Tiger 0-0: Ball
1-0: Ball
2-0: Swinging Strike
2-1: Ball
3-1: Swinging Strike
3-2: Strikes out looking
Batting: RHB Dídac Nores 0-0: Ball
1-0: Swinging Strike
1-1: Foul Ball, location: 2F
1-2: Ball
2-2: Ball
3-2: Foul Ball, location: 2F
3-2: Strikes out swinging
Top of the 7th over - 0 runs, 0 hits, 0 errors, 0 left on base; Ft. Worth 5 - Pittsburgh 7
BOTTOM OF THE 7TH
Pittsburgh Kingfishers batting - Pitching for Ft. Worth Cattlemen : RHP Miguel Moreno
Batting: LHB Martín Flores 0-0: Called Strike
0-1: Ball
1-1: Swinging Strike
1-2: Ball
2-2: Foul Ball, location: 2F
2-2: Ball
3-2: Strikes out swinging
Batting: LHB Gustavo Gonzáles 0-0: Foul Ball, location: 2F
0-1: Ball
1-1: Ball
2-1: Ground out 4-3 (Groundball, 34, EV 87.5 MPH)
Batting: RHB Luis Pamparacuatro 0-0: Ball
1-0: Ground out 6-3 (Groundball, 6, EV 78.1 MPH)
Bottom of the 7th over - 0 runs, 0 hits, 0 errors, 0 left on base; Ft. Worth 5 - Pittsburgh 7
TOP OF THE 8TH
Ft. Worth Cattlemen batting - Pitching for Pittsburgh Kingfishers : RHP Cipriano Rosas
Pitching: LHP Eugene Kelly
Batting: LHB John Manley 0-0: Foul Ball, location: 2F
0-1: Ball
1-1: Ball
2-1: SINGLE (Flyball, 89S, EV 90.0 MPH)
Batting: RHB Todd Walker 0-0: Swinging Strike
0-1: Foul Ball, location: 2F
0-2: Ball
1-2: Ball
2-2: Foul Ball, location: 2F
2-2: Ball
3-2: Foul Ball, location: 2F
3-2: Grounds into double play, 4-6-3 (Groundball, 4, EV 80.0 MPH)
Batting: RHB Patrick Goodhardt 0-0: Ball
1-0: Called Strike
1-1: Swinging Strike
1-2: Ground out 1-3 (Groundball, 13S, EV 67.5 MPH)
Top of the 8th over - 0 runs, 1 hit, 0 errors, 0 left on base; Ft. Worth 5 - Pittsburgh 7
BOTTOM OF THE 8TH
Pittsburgh Kingfishers batting - Pitching for Ft. Worth Cattlemen : RHP Miguel Moreno
Batting: RHB Alohinani Puanani 0-0: Ball
1-0: Ball
2-0: Ball
3-0: Called Strike
3-1: Foul Ball, location: 2F
3-2: Fly out, F4 (Popup, 4, EV 75.6 MPH)
Batting: LHB Todd Hunter 0-0: SOLO HOME RUN (Flyball, 7D, EV 102.5 MPH), Distance : 389 ft
Batting: RHB Bastien Oudin 0-0: Swinging Strike
0-1: Ball
1-1: SINGLE (Groundball, 56D, EV 102.5 MPH)
Batting: RHB Shuan-yan Bu 0-0: Called Strike
0-1: Called Strike
0-2: Ball
1-2: Strikes out swinging
Pitching: RHP Frank Davis
Batting: LHB Kyung-chul Son 0-0: Called Strike
0-1: Called Strike
0-2: Foul Ball, location: 2F
0-2: Ball
1-2: Ball
2-2: Ball
3-2: Ground out 1-3 (Groundball, 34S, EV 66.2 MPH)
Bottom of the 8th over - 1 run, 2 hits, 0 errors, 1 left on base; Ft. Worth 5 - Pittsburgh 8
TOP OF THE 9TH
Ft. Worth Cattlemen batting - Pitching for Pittsburgh Kingfishers : LHP Eugene Kelly
Pitching: RHP Elton Ray
Batting: RHB Leland Sigurdson 0-0: Fly out, F9 (Flyball, 89S, EV 81.9 MPH)
Batting: LHB Pielgrzym Myslajek 0-0: Swinging Strike
0-1: Foul Ball, location: 2F
0-2: Ball
1-2: Ground out 4-3 (Groundball, 4, EV 98.1 MPH)
Batting: RHB Soshal Distan Singh 0-0: Ball
1-0: Swinging Strike
1-1: Called Strike
1-2: Ball
2-2: Foul Ball, location: 2F
2-2: Ball
3-2: Foul Ball, location: 2F
3-2: Base on Balls
Batting: RHB Tsuneari Hirano 0-0: Ball
1-0: Fly out, F8 (Flyball, 8RD, EV 101.2 MPH)
Top of the 9th over - 0 runs, 0 hits, 0 errors, 1 left on base; Ft. Worth 5 - Pittsburgh 8
Friday, March 31st , 2023 - OOTP Baseball 23.10 Build 110